 Dungeon Sprint DCSS version 0.28.0-53-g5a82cb258f (webtiles) character file.

Game seed: 11031314768386400183

109 Zeld the Scribe (level 4, -10/24 HPs)
             Began as a Deep Elf Conjurer on June 5, 2022.
             Was a Priest of Sif Muna.
             Mangled by an orc warrior
             ... wielding a +0 dire flail
              (17 damage)
             ... in the Dungeon (Sprint VII: "The Pits").
             The game lasted 00:01:08 (785 turns).

Zeld the Scribe (Deep Elf Conjurer)                  Turns: 785, Time: 00:01:08

Health: -10/24     AC:  2    Str:  4    XL:     4   Next: 60%
Magic:  5/14       EV: 12    Int: 25    God:    Sif Muna [***...]
Gold:   0          SH:  0    Dex: 13    Spells: 4/15 levels left

rFire   . . .      SeeInvis .   (no weapon)
rCold   . . .      Faith    .   (no shield)
rNeg    . . .      Spirit   .   a - +0 robe
rPois   .          Reflect  .   (no helmet)
rElec   .          Harm     .   (no cloak)
rCorr   .          Rampage  .   (no gloves)
Will    .....      NoTele   +   (no boots)
Stlth   ++........              (no amulet)
HPRegen 0.08/turn               (no ring)
MPRegen 0.14/turn               (no ring)

@: very slightly contaminated
A: no striking features
a: Renounce Religion, Channel Magic, Forget Spell


You were in the Dungeon.
You worshipped Sif Muna.
Sif Muna was most pleased with you.
You visited 1 branch

Inventory:

Armour
 a - a +0 robe (worn)
Scrolls
 g - a scroll of blinking
 i - 5 scrolls of amnesia
 j - a scroll of summoning
Potions
 b - 5 potions of curing
 c - 6 potions of heal wounds
 d - a potion of haste
 e - 4 potions of magic
 f - 3 potions of berserk rage
 h - 2 potions of invisibility


   Skills:
 - Level 2.4 Dodging
 - Level 2.4 Stealth
 + Level 6.3 Spellcasting
 + Level 6.4 Conjurations
 - Level 2.0 Hexes
 - Level 2.0 Translocations
 * Level 6.7 Invocations


You had 4 spell levels left.
You knew the following spells:

 Your Spells              Type           Power      Damage    Failure   Level
a - Magic Dart            Conj           100%       1d8       1%          1
b - Searing Ray           Conj           80%        2d7       1%          2
c - Fulminant Prism       Conj/Hex       14%        3d9       13%         4
d - Iskenderun's Mystic   Conj/Tloc      29%        2d7       13%         4

Your spell library contained the following spells:

 Spells                   Type           Power      Damage    Failure   Level
 Dazzling Flash           Conj/Hex       58%        N/A       3%          3


Dungeon Overview and Level Annotations

Branches:
Dungeon (1/1)

Altars:
Ashenzari
Cheibriados
Dithmenos
Elyvilon
Fedhas
Gozag
Hepliaklqana
Kikubaaqudgha
Makhleb
Nemelex Xobeh
Okawaru
Qazlal
Ru
Sif Muna
Trog
Uskayaw
Vehumet
Wu Jian
Xom
Yredelemnul
Zin
The Shining One
Beogh
Jiyva
Lugonu


Message History

Casting: Searing Ray (safe; 1% risk of failure)
Confirm with . or Enter, or press ? or * to list all spells.
Aiming: Searing Ray (safe; 1% risk of failure)
Press: ? - help, Shift-Dir - straight line, f - gnoll
Aim: a gnoll, wielding a +0 spear (83% to hit)
The searing ray hits the ball python!
You kill the ball python!
Sif Muna accepts your kill.
The searing ray hits the orc warrior but does no damage.
The searing ray hits the gnoll.
The gnoll is moderately wounded. (Press . to maintain the ray.)
The orc shouts!
Your Conjurations skill increases to level 6!
The searing ray misses the orc warrior.
The searing ray hits something!
The searing ray hits the gnoll.
The gnoll is severely wounded.
Unknown command.
The searing ray hits the orc warrior.
The orc warrior is lightly wounded.
The searing ray hits something.
Sif Muna accepts your kill.
Reactivating autopickup.
You feel a bit more experienced.
The searing ray hits the gnoll!
You kill the gnoll!
Sif Muna accepts your kill.
The orc warrior hits you with a +0 dire flail!
Ouch! That really hurt!
* * * LOW HITPOINT WARNING * * *
Your Spellcasting skill increases to level 6!
Your Invocations skill increases to level 6!
Casting: Searing Ray (safe; 1% risk of failure)
Confirm with . or Enter, or press ? or * to list all spells.
The spell is extremely dangerous to miscast (13% risk of failure)!
Continue anyway?
You miscast Iskenderun's Mystic Blast.
You are very lightly contaminated with residual magic.
Nothing appears to happen.
The orc warrior hits you with a +0 dire flail!
Ouch! That really hurt!
You die...

##########.##.....
#...........'.....
#'#####'#####.....
#.#..#..#).##.....
#.#.)+..'..#####'#
#.##'####'###.....
#.#........##.....
#.#....รท...##.....
#@#####'#####...<.
#o#..[)))..##.....
#o#..[)))..##.....
#)###########.....
#M......# ######
#....oob# #...#...#
#..## g.# #... .#


You could see an orc warrior, a mummy and an orc.

Vanquished Creatures
  A scorpion (D)
  An orc wizard (D)
  2 gnolls (D)
  A bat skeleton (D)
  A hobgoblin (D)
  2 kobolds (D)
  2 ball pythons (D)
  A ball python skeleton (D)
  A bat (D)
  A frilled lizard (D)
13 creatures vanquished.

Notes
Turn   | Place    | Note
-------+----------+-------------------------------------------
     0 | D        | Zeld the Deep Elf Conjurer began the quest for the Orb.
     0 | D        | Reached XP level 1. HP: 10/10 MP: 6/6
    18 | D        | Found a bloodstained altar of Trog.
    18 | D        | Found a shimmering blue altar of Sif Muna.
    18 | D        | Found a viscous altar of Jiyva.
    18 | D        | Found a hazy altar of Hepliaklqana.
    18 | D        | Found an opulent altar of Gozag.
    19 | D        | Found a glowing golden altar of the Shining One.
    19 | D        | Found a glowing silver altar of Zin.
    19 | D        | Found a basalt altar of Yredelemnul.
    19 | D        | Found a shimmering altar of Xom.
    19 | D        | Found an ornate altar of the Wu Jian Council.
    19 | D        | Found a sacrificial altar of Ru.
    19 | D        | Found a stormy altar of Qazlal.
    19 | D        | Found an iron altar of Okawaru.
    19 | D        | Found a sparkling altar of Nemelex Xobeh.
    19 | D        | Found a burning altar of Makhleb.
    19 | D        | Found a blossoming altar of Fedhas.
    19 | D        | Found a white marble altar of Elyvilon.
    19 | D        | Found a shadowy altar of Dithmenos.
    19 | D        | Found a snail-covered altar of Cheibriados.
    20 | D        | Found a radiant altar of Vehumet.
    20 | D        | Found a corrupted altar of Lugonu.
    21 | D        | Found an ancient bone altar of Kikubaaqudgha.
    21 | D        | Found a hide-covered altar of Uskayaw.
    21 | D        | Found a broken altar of Ashenzari.
    22 | D        | Became a worshipper of Sif Muna the Loreminder
    26 | D        | Reached skill level 1 in Hexes
   261 | D        | Reached skill level 1 in Translocations
   261 | D        | Reached skill level 1 in Invocations
   288 | D        | Noticed a scorpion
   292 | D        | Reached * piety under Sif Muna
   396 | D        | Reached ** piety under Sif Muna
   399 | D        | Reached XP level 2. HP: 14/15 MP: 1/8
   405 | D        | Learned a level 2 spell: Searing Ray
   466 | D        | Killed a scorpion
   466 | D        | Reached *** piety under Sif Muna
   467 | D        | Reached skill level 5 in Spellcasting
   467 | D        | Reached skill level 5 in Conjurations
   467 | D        | Reached skill level 5 in Invocations
   467 | D        | Reached XP level 3. HP: 2/19 MP: 3/12
   467 | D        | Reached XP level 4. HP: 3/24 MP: 3/13
   473 | D        | Learned a level 4 spell: Fulminant Prism
   478 | D        | Learned a level 4 spell: Iskenderun's Mystic Blast
   773 | D        | Noticed an orc warrior
   773 | D        | Noticed a scorpion
   785 | D        | Mangled by an orc warrior

Illustrated notes

Levels and vault maps discovered:
D:        pitsprint [storerooms_1, entrance_room_1, metal_vault_6, armoury_3,
          mini_pit_1, grid_room_1, main_hall_1, silver_pit, the_coven_2,
          the_vestibule_1, steel_vault_5, golden_pit, hallway_of_sentries,
          crystal_vault_2, iron_vault_3, final_vault]

Skill      XL: |  1  2  3  4 |
---------------+-------------+-----
Hexes          | 2 |  2.0
Translocations | 1 2 |  2.0
Invocations    | 1 5 6 |  6.7
Spellcasting   | 5 6 |  6.3
Conjurations   | 5 6 |  6.4
Dodging        | |  2.4
Stealth        | |  2.4

Action                   |  1- 3 |  4- 6 || total
-------------------------+-------+-------++-------
 Cast: Magic Dart        |    13 |       ||    13
       Searing Ray       |     1 |     1 ||     2
  Use: Potion            |       |     1 ||     1
Armor: Robe              |     2 |     3 ||     5
Dodge: Dodged            |     6 |     8 ||    14
